 Dungeon Sprint DCSS version 0.29.1-2-gbd0b4ee654 (webtiles) character file.

Game seed: 16922573617934987303

2032 Groucho the Unseen (level 9, -5/39 HPs)
             Began as a Spriggan Enchanter on Oct 24, 2022.
             Was a High Priest of Makhleb.
             Slain by a sun demon (16 damage)
             ... in the Dungeon (Sprint VII: "The Pits").
             The game lasted 00:06:59 (1850 turns).

Groucho the Unseen (Spriggan Enchanter)             Turns: 1850, Time: 00:06:59

Health: -5/39      AC:  3    Str: 11    XL:     9   Next: 3%
Magic:  23/25      EV: 17    Int: 20    God:    Makhleb [*****.]
Gold:   0          SH:  0    Dex: 15    Spells: 20/31 levels left

rFire   . . .      SeeInvis +   a - +2 dagger
rCold   . . .      Faith    .   (no shield)
rNeg    . . .      Spirit   .   k - +1 robe {Will+}
rPois   .          Reflect  .   (helmet restricted)
rElec   .          Harm     .   (no cloak)
rCorr   .          Rampage  .   (gloves unavailable)
Will    ++...      NoTele   +   (boots unavailable)
Stlth   +++++++...              (no amulet)
HPRegen 0.13/turn               b - +3 ring of intelligence
MPRegen 0.19/turn               l - +3 ring of strength

@: very quick
A: very small, no large weapons, unfitting armour, see invisible, speed 3
a: Renounce Religion, Minor Destruction, Lesser Servant of Makhleb, Major
Destruction, Greater Servant of Makhleb


You were in the Dungeon.
You worshipped Makhleb.
Makhleb was extremely pleased with you.
You visited 1 branch

Inventory:

Hand Weapons
 a - a +2 dagger (weapon)
 o - the +2 rapier "Diasch" {protect, *Rage Will+ Str+2}
   (You found it in the Dungeon)

   It grants its wielder temporary protection when it strikes (+7 to AC).
   Str:       It affects your strength (+2).
   *Rage:     It berserks you when you make melee attacks (+20% chance).
   Will:      It increases your willpower.
Missiles
 j - 10 stones (quivered)
Armour
 k - a +1 robe of willpower (worn)
Jewellery
 b - a +3 ring of intelligence (left hand)
 l - a +3 ring of strength (right hand)
Scrolls
 i - a scroll of blinking
Potions
 c - 4 potions of invisibility
 d - 6 potions of curing
 e - 4 potions of heal wounds
 f - 2 potions of haste
 g - 4 potions of magic
 h - 4 potions of berserk rage
 m - 2 potions of might
 n - a potion of resistance


   Skills:
 - Level 1.1 Short Blades
 - Level 2.6 Dodging
 * Level 20.1 Stealth
 + Level 11.5 Spellcasting
 + Level 6.2 Conjurations
 + Level 11.8 Hexes


You had 20 spell levels left.
You knew the following spells:

 Your Spells              Type           Power      Damage    Failure   Level
a - Ensorcelled Hibernat  Hex/Ice        70%        N/A       1%          2
b - Confusing Touch       Hex            56%        N/A       1%          3
c - Dazzling Flash        Conj/Hex       94%        N/A       1%          3
d - Tukima's Dance        Hex            56%        N/A       1%          3

Your spell library contained the following spells:

 Spells                   Type           Power      Damage    Failure   Level


Dungeon Overview and Level Annotations

Branches:
Dungeon (1/1)

Altars:
Ashenzari
Cheibriados
Dithmenos
Elyvilon
Fedhas
Gozag
Hepliaklqana
Kikubaaqudgha
Makhleb
Nemelex Xobeh
Okawaru
Qazlal
Ru
Sif Muna
Trog
Uskayaw
Vehumet
Wu Jian
Xom
Yredelemnul
Zin
The Shining One
Jiyva
Lugonu


Innate Abilities, Weirdness & Mutations

You are very small and have problems with some larger weapons.
You are too small for most types of armour.
You have supernaturally acute eyesight. (SInv)
You cover ground extremely quickly. (Speed+++)


Message History

Items here: ))) [[.
Unknown command.
There is an open door here.
Things that are here:
a +0 flail; a +0 leather armour You see here a +0 short sword.
There is an open door to the Storerooms (Easy) here.
You open the huge gate. 3 orcs and a sun demon come into view.
An orc is wielding a +1 hand axe of freezing.
There is a huge open gate to the Metal Vault (Medium) here.
An orc and an orc priest come into view.
The sun demon shouts!
The orc shouts! x3; The orc priest shouts!
The orc shouts!
There is a huge open gate to the Metal Vault (Medium) here.
There is a huge open gate to the Metal Vault (Medium) here.
There is an open door to the Entrance Hall (Safe) here.
You start waiting.
A sun demon is nearby!
The sun demon hits you!!
You are engulfed in flames!
* * * LOW HITPOINT WARNING * * *
You feel much better. The sun demon misses you.
Casting: Ensorcelled Hibernation (safe; 1% risk of failure)
Confirm with . or Enter, or press ? or * to list all spells.
Aiming: Ensorcelled Hibernation (safe; 1% risk of failure)
Press: ? - help, Shift-Dir - straight line, f - sun demon
Aim: a sun demon (chance to affect: 15%)
The sun demon resists with almost no effort.
The sun demon hits you.
You are engulfed in flames!
* * * LOW HITPOINT WARNING * * *
Unknown command.
You feel much better. The sun demon hits you.
You are engulfed in flames!
* * * LOW HITPOINT WARNING * * *
You feel much better. The sun demon completely misses you.
The sun demon hits you!
You are engulfed in flames!
You feel much better. The sun demon hits you!!
Ouch! That really hurt!
* * * LOW HITPOINT WARNING * * *
You are engulfed in flames!
You die...

______...###########++######
########'##................#
?..')))')##......#..#......#
########.##................+
).......).'................+
#####'#####......#..#......#
#..#.....##........3.......#
#))#####'#####o#####o'######
#))#.....##....3@.##'o#
#))#.....##....o..##..oo.o#
#[[###'####.......##....###
##'#.....##...<...##.o.##
#........##.......##..##
#........##.......##..#
###########.......##..#
).....#..###########..+
.#.#..#.###########


You could see a sun demon, an orc priest and an orc.

Vanquished Creatures
  Erica (D)
  A sea snake (D)
  A deep elf zephyrmancer (D)
  A floating eye (D)
  A black bear (D)
  An orc warrior (D)
  A scorpion (D)
  2 quasits (D)
  An iron imp (D)
  A hound (D)
  A jelly (D)
  An orc wizard (D)
  A river rat (D)
  An ufetubus (D)
  3 orcs (D)
  3 ball pythons (D)
  A giant cockroach (D)
  A hobgoblin (D)
  3 jackals (D)
  2 kobolds (D)
  A ball python zombie (D)
29 creatures vanquished.

Notes
Turn   | Place    | Note
-------+----------+-------------------------------------------
     0 | D        | Groucho the Spriggan Enchanter began the quest for the Orb.
     0 | D        | Reached XP level 1. HP: 9/9 MP: 5/5
    27 | D        | Reached skill level 5 in Stealth
    51 | D        | Found a bloodstained altar of Trog.
    51 | D        | Found a shimmering blue altar of Sif Muna.
    51 | D        | Found a viscous altar of Jiyva.
    51 | D        | Found a hazy altar of Hepliaklqana.
    51 | D        | Found an opulent altar of Gozag.
    52 | D        | Found a glowing golden altar of the Shining One.
    52 | D        | Found a glowing silver altar of Zin.
    52 | D        | Found a basalt altar of Yredelemnul.
    52 | D        | Found a shimmering altar of Xom.
    52 | D        | Found an ornate altar of the Wu Jian Council.
    52 | D        | Found a sacrificial altar of Ru.
    52 | D        | Found a stormy altar of Qazlal.
    52 | D        | Found an iron altar of Okawaru.
    52 | D        | Found a sparkling altar of Nemelex Xobeh.
    52 | D        | Found a burning altar of Makhleb.
    52 | D        | Found a blossoming altar of Fedhas.
    52 | D        | Found a white marble altar of Elyvilon.
    52 | D        | Found a shadowy altar of Dithmenos.
    52 | D        | Found a snail-covered altar of Cheibriados.
    54 | D        | Found a radiant altar of Vehumet.
    54 | D        | Found a corrupted altar of Lugonu.
    55 | D        | Found a hide-covered altar of Uskayaw.
    55 | D        | Found an ancient bone altar of Kikubaaqudgha.
    55 | D        | Found a broken altar of Ashenzari.
    72 | D        | Became a worshipper of Makhleb the Destroyer
    94 | D        | Reached * piety under Makhleb
    98 | D        | Reached skill level 6 in Stealth
   109 | D        | Reached XP level 2. HP: 5/13 MP: 5/7
   109 | D        | Reached ** piety under Makhleb
   600 | D        | Learned a level 2 spell: Ensorcelled Hibernation
   606 | D        | Noticed a black bear
   619 | D        | Killed a black bear
   620 | D        | Reached skill level 11 in Stealth
   620 | D        | Reached XP level 3. HP: 16/16 MP: 5/11
   620 | D        | Reached XP level 4. HP: 21/21 MP: 5/13
   646 | D        | Learned a level 3 spell: Confusing Touch
   650 | D        | Learned a level 3 spell: Dazzling Flash
   654 | D        | Learned a level 3 spell: Tukima's Dance
   669 | D        | Reached *** piety under Makhleb
   724 | D        | Noticed a scorpion
   726 | D        | Noticed a floating eye
   728 | D        | Killed a floating eye
   729 | D        | Reached skill level 12 in Stealth
   729 | D        | Reached XP level 5. HP: 24/24 MP: 11/15
   730 | D        | Noticed an orc warrior
   748 | D        | Reached skill level 13 in Stealth
   750 | D        | Killed an orc warrior
   751 | D        | Reached skill level 14 in Stealth
   751 | D        | Reached XP level 6. HP: 28/28 MP: 9/18
   753 | D        | Reached **** piety under Makhleb
  1137 | D        | Reached skill level 15 in Stealth
  1176 | D        | Reached ***** piety under Makhleb
  1199 | D        | Noticed a deep elf zephyrmancer
  1211 | D        | Killed a deep elf zephyrmancer
  1212 | D        | Reached skill level 17 in Stealth
  1212 | D        | Reached skill level 10 in Hexes
  1212 | D        | Reached XP level 7. HP: 32/32 MP: 7/21
  1497 | D        | Reached skill level 10 in Spellcasting
  1513 | D        | Noticed a sea snake
  1514 | D        | Noticed Erica
  1517 | D        | Killed Erica
  1518 | D        | Reached skill level 19 in Stealth
  1518 | D        | Reached skill level 5 in Conjurations
  1518 | D        | Reached XP level 8. HP: 36/36 MP: 22/24
  1519 | D        | Killed a sea snake
  1520 | D        | Reached skill level 20 in Stealth
  1520 | D        | Reached XP level 9. HP: 39/39 MP: 22/25
  1765 | D        | Got the +2 rapier "Diasch" {protect, *Rage Will+ Str+2}
  1828 | D        | Noticed a sun demon
  1850 | D        | Slain by a sun demon

Illustrated notes

Levels and vault maps discovered:
D:        pitsprint [storerooms_1, entrance_room_1, metal_vault_6, armoury_1,
          mini_pit_1, grid_room_1, main_hall_1, silver_pit, the_coven_2,
          the_vestibule_1, steel_vault_5, golden_pit, hallway_of_sentries,
          crystal_vault_2, iron_vault_4, final_vault]

Skill      XL: |  1  2  3  4  5  6  7  8 |
---------------+-------------------------+-----
Stealth        | 6 11 12 14 17 19 20 | 20.1
Spellcasting   | 3 6 7 8 9 11 | 11.5
Hexes          | 4 6 7 8 10 11 | 11.8
Conjurations   | 2 3 4 5 6 |  6.2
Short Blades   | |  1.1
Dodging        | |  2.6

Action                   |  1- 3 |  4- 6 |  7- 9 || total
-------------------------+-------+-------+-------++-------
Melee: Dagger            |    15 |    42 |     7 ||    64
       Punch             |       |     1 |       ||     1
 Cast: Ensorcelled Hiber |     1 |    26 |     2 ||    29
       Confusing Touch   |       |     2 |       ||     2
  Use: Potion            |     1 |     1 |     4 ||     6
 Stab: Sleeping          |     5 |    10 |     7 ||    22
       Confused          |       |     1 |       ||     1
Armor: Robe              |     1 |     1 |       ||     2
Dodge: Dodged            |    12 |    36 |     2 ||    50
